 Dungeon Crawl Stone Soup version 0.29-a0-322-g68df515428 (webtiles) character file.

Game seed: 18122110157037378661

70054 Leszczynek the Sharpshooter (level 15, -18/123 HPs)
             Began as a Human Gladiator on Apr 6, 2022.
             Was a High Priest of Okawaru.
             Demolished by a bunyip (35 damage)
             ... on level 3 of the Swamp.
             The game lasted 01:13:12 (7528 turns).

Leszczynek the Sharpshooter (Human Gladiator)       Turns: 7528, Time: 01:13:13

Health: -18/123    AC: 10    Str: 19    XL:     15   Next: 76%
Magic:  22/22      EV: 25    Int: 13    God:    Okawaru [*****.]
Gold:   900        SH:  9    Dex: 27    Spells: 14/14 levels left

rFire   + . .      SeeInvis +   a - +11 hand crossbow "Eboguk" {penet, rN+ Int-5 Dex+4 SInv}
rCold   . . .      Faith    .   z - +1 buckler {rPois}
rNeg    + . .      Spirit   .   u - +0 ring mail {rF+}
rPois   +          Reflect  .   N - +0 helmet {SInv}
rElec   .          Harm     .   o - +0 cloak
rCorr   .          Rampage  .   (no gloves)
Will    +....                   (no boots)
Stlth   +++.......              g - amulet of regeneration
HPRegen 1.10/turn               J - ring "Guaxt" {Str+3 Int+6}
MPRegen 0.18/turn               j - +6 ring of dexterity

@: heroic
A: no striking features
a: Renounce Religion, Heroism, Finesse, Duel


You were on level 3 of the Swamp.
You worshipped Okawaru.
Okawaru was extremely pleased with you.
You visited 4 branches of the dungeon, and saw 23 of its levels.
You also visited: Gauntlet and Ice Cave.

You collected 1539 gold pieces.
You spent 639 gold pieces at shops.

Inventory:

Hand Weapons
 a - the +11 hand crossbow "Eboguk" (weapon) {penet, rN+ Int-5 Dex+4 SInv}
   (You took it off an orc on level 5 of the Dungeon)

   Any ammunition fired by it passes through the targets it hits, potentially
   hitting all targets in its path until it reaches maximum range.
   Int:       It affects your intelligence (-5).
   Dex:       It affects your dexterity (+4).
   rN:        It protects you from negative energy.
   SInv:      It lets you see invisible.
 b - the +9 heavy crossbow "Sniper" {god gift, vorpal, Acc+∞ SInv}
   (Okawaru gifted it to you on level 6 of the Lair of Beasts)

   Any ammunition fired from it inflicts extra damage upon your enemies.
   Any ammunition fired from it never misses its target.
   SInv:      It lets you see invisible.
 c - a +0 triple sword of freezing
Missiles
 v - 17 javelins
 y - a throwing net
 D - 10 silver javelins {god gift}
Armour
 o - a +0 cloak (worn)
 u - a +0 ring mail of fire resistance (worn)
 w - the +3 ring mail "Nozos" {rC- Str+4 Int+8 Dex-2}
   (You found it on level 5 of the Dungeon)

   Str:       It affects your strength (+4).
   Int:       It affects your intelligence (+8).
   Dex:       It affects your dexterity (-2).
   rC:        It makes you vulnerable to cold.
 z - a +1 buckler of poison resistance (worn)
 N - a +0 helmet of see invisible (worn)
 P - a +1 plate armour of poison resistance
 Y - a +2 scale mail of willpower
Jewellery
 d - a ring of protection from fire
 g - an amulet of regeneration (around neck)
 j - a +6 ring of dexterity (right hand)
 A - a ring of wizardry
 J - the ring "Guaxt" (left hand) {Str+3 Int+6}
   (You found it on level 10 of the Dungeon)

   [ring of intelligence]

   Str:       It affects your strength (+3).
   Int:       It affects your intelligence (+6).
 M - the ring "Isifohea" {Wiz +Blink rC- Dex+4}
   (You found it on level 12 of the Dungeon)

   [ring of wizardry]

   It improves your spell success rate.
   Dex:       It affects your dexterity (+4).
   rC:        It makes you vulnerable to cold.
   +Blink:    It lets you blink.
 X - a ring of protection from cold
Wands
 r - a wand of iceblast (3)
 x - a wand of flame (76)
 B - a wand of mindburst (5)
 O - a wand of acid (3)
Scrolls
 e - 3 scrolls of brand weapon
 l - 2 scrolls of teleportation
 n - 2 scrolls of enchant weapon
 q - 2 scrolls of immolation {!r}
 s - 2 scrolls of identify {@r1}
 t - 2 scrolls of fog
 C - a scroll of torment {unknown}
 G - a scroll of silence {unknown}
 L - 2 scrolls of vulnerability {unknown}
 U - a scroll of noise {unknown}
 V - a scroll of holy word {unknown}
Potions
 f - 4 potions of cancellation
 h - 6 potions of curing {@q1}
 i - 3 potions of invisibility {unknown}
 k - 3 potions of magic
 m - 2 potions of lignification {unknown}
 p - a potion of might
 E - a potion of flight {unknown}
 F - a potion of resistance
 H - 3 potions of mutation {!q}
 I - 2 potions of brilliance
 K - 2 potions of haste {unknown}
 Q - 2 potions of ambrosia {unknown}
 R - a potion of heal wounds {@q2}
 Z - a potion of attraction {unknown}


   Skills:
 + Level 13.1(18.1) Fighting
 - Level 5.8(10.8) Axes
 * Level 15.0(20.0) Crossbows
 - Level 4.0(9.0) Throwing
 - Level 5.3(10.3) Armour
 + Level 10.9(15.9) Dodging
 - Level 4.0(9.0) Shields
 * Level 8.5 Translocations
 - Level 9.5 Invocations


You had 14 spell levels left.
You didn't know any spells.
Your spell library contained the following spells:

 Spells                   Type           Power      Damage    Failure   Level
 Foxfire                  Conj/Fire      0%         2x1d4     52%         1
 Pain                     Necr           0%         1d4       52%         1
 Shock                    Conj/Air       0%         1d3       52%         1
 Conjure Flame            Conj/Fire      0%         6-21      87%         3
 Inner Flame              Hex/Fire       0%         N/A       87%         3
 Swiftness                Air            0%         N/A       87%         3
 Vampiric Draining        Necr           0%         2d6       87%         3
 Airstrike                Air            0%         N/A       99%         4
 Flame Wave               Conj/Fire      0%         2d4       99%         4
 Hailstorm                Conj/Ice       0%         3d3       99%         4
 Ice Form                 Ice/Tmut       0%         N/A       99%         4
 Agony                    Necr           0%         N/A       100%        5
 Excruciating Wounds      Necr           0%         N/A       100%        5
 Conjure Ball Lightning   Conj/Air       0%         3x3d6     100%        6
 Eringya's Noxious Bog    Tmut/Pois      0%         N/A       100%        6
 Discord                  Hex            0%         N/A       100%        8
 Disjunction              Tloc           11%        N/A       100%        8
 Animate Skeleton         Necr           Unusable   N/A       N/A         1
 Summon Forest            Summ/Tloc      Unusable   N/A       N/A         5
 Simulacrum               Ice/Necr       Unusable   N/A       N/A         6
 Summon Hydra             Summ           Unusable   N/A       N/A         7

Dungeon Overview and Level Annotations

Branches:
Dungeon (12/15)            Temple (0/1) D:4            Lair (6/6) D:8
  Swamp (3/4) Lair:4        Snake (0/4) Lair:3        Slime (0/5) Lair:5
    Orc (2/2) D:9             Elf (0/3) Orc:2         IceCv (visited)
Gauntlet (visited)

Altars:
Dithmenos
Kikubaaqudgha
Makhleb
Nemelex Xobeh
Okawaru
Qazlal
Xom
Zin
The Shining One
Beogh

Shops:
Orc:2 [!!

Annotations:
Swamp:2 3 runed translucent doors, anonymous's ghost, journeyman TeAE
Swamp:3 exclusion: spriggan air mage


Message History

Aim: a spriggan druid, wielding a +0 quarterstaff and wearing a +0 robe (heavily wounded, 69% to hit)
You shoot a bolt. The bolt pierces through the bunyip!
The bunyip is moderately wounded.
The bolt barely misses the spriggan druid.
You block the spriggan rider's attack. The bunyip claws you!!
The bunyip misses you. The bunyip completely misses you.
The spriggan rider hits you from afar with a +0 spear!!
The spriggan druid calls out to the beasts of the wild!
Shoot: a) +11 hand crossbow "Eboguk" {penet, rN+ Int-5 Dex+4 SInv}
Press: ? - help, Q - select action, (/) - cycle Shift-Dir - straight line, f/p - spriggan druid
Aim: a spriggan druid, wielding a +0 quarterstaff and wearing a +0 robe (heavily wounded, 69% to hit)
You shoot a bolt. The bolt pierces through the bunyip!!
The bunyip is severely wounded.
The bolt pierces through the spriggan druid!
The spriggan druid is severely wounded.
A swamp worm comes into view.
The spriggan rider closely misses you.
As you read the scroll of fear, it crumbles to dust.
You assume a fearsome visage.
The spriggan druid looks frightened!
The spriggan rider resists with almost no effort.
The bunyip resists with almost no effort.
The swamp worm looks frightened!
The spriggan rider completely misses you.
Unknown command.
The spriggan rider hits you with a +0 spear!!
* * * LOW HITPOINT WARNING * * *
You see here an alligator corpse.
Shoot: a) +11 hand crossbow "Eboguk" {penet, rN+ Int-5 Dex+4 SInv}
Press: ? - help, Q - select action, (/) - cycle Shift-Dir - straight line, f/p - spriggan druid
Aim: a spriggan druid, wielding a +0 quarterstaff and wearing a +0 robe (severely wounded, fleeing, 69% to hit)
You shoot a bolt.
The bolt pierces through the spriggan rider!
The spriggan rider is moderately wounded.
The bolt pierces through the spriggan druid!
Your attack snaps the spriggan druid out of its fear.
The spriggan druid is almost dead.
The bunyip completely misses you.
The bunyip claws you but does no damage.
The bunyip claws you!!
You die...

#...♣ .$≈≈≈≈.§≈§ #...♣♣
♣..≈≈..≈≈.. #....♣
♣≈≈≈≈≈..≈.≈≈ ..
##..≈.♣♣♣...≈♣.≈..≈≈ #..
##...♣.≈♣♣.≈♣≈≈..§≈≈≈
#+.##....♣.≈♣♣.≈≈≈.....≈≈
.........♣♣≈≈♣≈i≈≈...≈≈♣≈
.....≈♣..♣♣.≈i.≈≈w♣§≈≈≈≈≈
.≈.)≈≈.<.♣♣♣@x≈≈≈...≈.≈.≈
..♣.....≈♣ ♣..♣≈≈.≈.≈....
..≈...♣)≈♣ ♣♣....≈§≈≈.♣..
.≈♣.≈♣♣.≈♣ ♣♣≈§≈.≈≈≈≈.≈≈
.♣♣♣♣ ♣≈.♣ ♣♣≈≈≈≈≈≈?§.♣
.≈≈♣ ♣.≈≈≈≈.§≈♣. ♣♣≈.♣
♣♣.♣≈≈..♣♣ ♣..♣ ♣♣♣≈.≈≈♣
♣≈♣♣ ≈≈≈♣♣


You could see a bunyip, a spriggan rider, a spriggan druid (fleeing) and a swamp
worm (fleeing).

Vanquished Creatures
  An eleionoma (Swamp:1)
  A stone giant (Orc:2)
  A bunyip (Swamp:1)
  A minotaur (Gauntlet)
  3 hydras
  A merfolk avatar (Lair:6)
  A boulder beetle (D:12)
  3 ogre magi
  6 alligators
  2 ironbound frosthearts (IceCv)
  A centaur warrior (D:12)
  8 two-headed ogres (Orc:2)
  8 death yaks
  3 spriggans
  2 goliath frogs (Swamp:1)
  2 sea snakes (Lair:6)
  A spriggan druid (Swamp:1)
  A sixfirhy (Gauntlet)
  A bog body (Swamp:2)
  2 deep trolls (Orc:2)
  A deep elf archer (D:12)
  Pikel (D:6)
  A necromancer (Gauntlet)
  3 cyclopes
  An orc sorcerer (Orc:1)
  A will-o-the-wisp (Swamp:1)
  4 manticores
  7 elephants (Lair:6)
  3 black mambas
  A torpor snail (Lair:6)
  11 cane toads
  An ice statue (IceCv)
  An unseen horror (D:12)
  2 rime drakes (Lair:5)
  4 komodo dragons
  12 trolls
  4 tyrant leeches
  17 polar bears
  4 hornets
  A tarantella (shapeshifter) (D:12)
  6 dream sheep (Lair:5)
  A slime creature (Lair:5)
  A shadow (D:9)
  3 wyverns
  A vampire (D:12)
  2 wraiths
  49 yaks
  A vampire mosquito (D:12)
  A basilisk (Lair:2)
  3 steam dragons
  3 wargs
  A death yak simulacrum (Lair:2)
  6 swamp worms (Swamp:1)
  Edmund (D:4)
  An acid dragon (D:12)
  9 water moccasins
  7 nagas (Lair:3)
  A swamp drake (Swamp:1)
  6 orc warriors
  21 wolves
  5 small abominations (Gauntlet)
  21 ogres
  4 lemures (D:6)
  2 phantoms
  2 centaurs
  A necrophage (D:4)
  3 kobold brigands
  6 bullfrogs
  2 scorpions
  17 wights
  11 killer bees
  A howler monkey (D:12)
  A hound (D:5)
  Crazy Yiuf (D:5)
  3 jellies
  4 orc priests
  3 iguanas (D:4)
  4 orc wizards
  A wolf simulacrum (Lair:2)
  7 gnolls
  5 adders
  A shadow imp (D:6)
  4 ufetubi (Gauntlet)
  A worm (D:3)
  A dart slug (D:3)
  30 orcs
  3 ball pythons
  4 endoplasms
  2 giant cockroaches
  6 goblins
  2 hobgoblins
  6 jackals
  2 quokkas (D:4)
  A bat (D:2)
  14 kobolds
  2 rats (D:3)
436 creatures vanquished.

Vanquished Creatures (others)
  An ufetubus (D:5)
  2 foxfires (Swamp:2)
  19 fungi
  51 plants
73 creatures vanquished.

Grand Total: 509 creatures vanquished

Notes
Turn   | Place    | Note
-------+----------+-------------------------------------------
     0 | D:1      | Leszczynek the Human Gladiator began the quest for the Orb.
     0 | D:1      | Reached XP level 1. HP: 16/16 MP: 1/1
   132 | D:2      | Reached XP level 2. HP: 18/22 MP: 2/2
   188 | D:3      | Reached XP level 3. HP: 28/28 MP: 3/3
   286 | D:4      | Noticed a sky beast
   393 | D:4      | Noticed Edmund
   406 | D:4      | Killed Edmund
   407 | D:4      | Reached skill level 3 in Fighting
   407 | D:4      | Reached skill level 4 in Axes
   407 | D:4      | Reached XP level 4. HP: 35/35 MP: 4/4
   407 | D:4      | Reached XP level 5. HP: 41/41 MP: 5/5
   451 | D:4      | Reached XP level 6. HP: 39/48 MP: 6/6
   485 | D:4      | Noticed an ogre
   664 | D:3      | Reached skill level 4 in Fighting
   664 | D:3      | Reached skill level 3 in Throwing
   760 | D:4      | Found an iron altar of Okawaru.
   771 | D:4      | Became a worshipper of Warmaster Okawaru
   777 | D:4      | Found a sparkling altar of Nemelex Xobeh.
   782 | D:4      | Found a stormy altar of Qazlal.
   785 | D:4      | Found a glowing silver altar of Zin.
   790 | D:4      | Found a shimmering altar of Xom.
   794 | D:4      | Found a shadowy altar of Dithmenos.
   799 | D:4      | Found a burning altar of Makhleb.
   822 | D:4      | Found an ancient bone altar of Kikubaaqudgha.
   838 | D:4      | Found a staircase to the Ecumenical Temple.
   850 | D:4      | Reached skill level 4 in Dodging
   850 | D:4      | Reached XP level 7. HP: 55/55 MP: 7/7
   901 | D:4      | Reached skill level 5 in Axes
   941 | D:5      | Entered Level 5 of the Dungeon
  1052 | D:5      | Found a runed translucent door.
  1053 | D:5      | Noticed Crazy Yiuf
  1071 | D:5      | Killed Crazy Yiuf
  1132 | D:5      | Noticed a water moccasin
  1140 | D:5      | Killed a water moccasin
  1140 | D:5      | Reached * piety under Okawaru
  1271 | D:5      | Reached skill level 5 in Fighting
  1287 | D:5      | Noticed a steam dragon
  1299 | D:5      | Killed a steam dragon
  1300 | D:5      | Reached XP level 8. HP: 62/63 MP: 5/8
  1326 | D:5      | Identified the +11 hand crossbow "Eboguk" {penet, rN+ Int-5
                  | Dex+4 SInv}
  1329 | D:5      | he's wielding WHAT
  1338 | D:5      | it has WHAT brand
  1338 | D:5      | WHAT the FUCK
  1342 | D:5      | Reached skill level 1 in Crossbows
  1342 | D:5      | Reached skill level 4 in Throwing
  1427 | D:5      | Identified the +3 ring mail "Nozos" {rC- Str+4 Int+8 Dex-2}
  1428 | D:5      | hm
  1583 | D:6      | Noticed Pikel
  1599 | D:6      | Killed Pikel
  1599 | D:6      | Reached ** piety under Okawaru
  1600 | D:6      | Reached skill level 6 in Fighting
  1600 | D:6      | Reached skill level 3 in Crossbows
  1600 | D:6      | Reached skill level 5 in Dodging
  1600 | D:6      | Reached XP level 9. HP: 62/69 MP: 9/9
  1654 | D:6      | Found a glowing golden altar of the Shining One.
  1697 | D:7      | Reached skill level 4 in Crossbows
  1724 | D:7      | Reached skill level 1 in Invocations
  1727 | D:7      | Reached *** piety under Okawaru
  1767 | D:7      | Reached skill level 5 in Crossbows
  1767 | D:7      | Reached skill level 2 in Invocations
  1791 | D:7      | Reached skill level 6 in Dodging
  1842 | D:7      | Reached skill level 3 in Invocations
  1887 | D:8      | You fall into a shaft and drop 1 floor!
  1896 | D:9      | Reached skill level 6 in Crossbows
  1922 | D:9      | Reached XP level 10. HP: 64/76 MP: 12/12
  1924 | D:9      | Reached skill level 4 in Invocations
  1930 | D:9      | Reached **** piety under Okawaru
  1931 | D:9      | Reached skill level 7 in Crossbows
  1931 | D:9      | Reached skill level 7 in Dodging
  1935 | D:9      | Received a gift from Okawaru
  1938 | D:9      | Reached skill level 8 in Crossbows
  1938 | D:9      | Reached skill level 5 in Invocations
  2096 | D:8      | Reached ***** piety under Okawaru
  2157 | D:8      | Reached skill level 6 in Invocations
  2169 | D:8      | Reached skill level 9 in Crossbows
  2179 | D:8      | Reached XP level 11. HP: 66/83 MP: 13/15
  2241 | D:8      | Found a staircase to the Lair.
  2303 | D:8      | Reached skill level 7 in Fighting
  2438 | D:9      | Found a staircase to the Orcish Mines.
  2547 | D:10     | Entered Level 10 of the Dungeon
  2678 | Orc:1    | Entered Level 1 of the Orcish Mines
  2694 | D:9      | Received a gift from Okawaru
  2717 | Orc:1    | Found an iron altar of Okawaru.
  2742 | Orc:1    | Reached skill level 10 in Crossbows
  2742 | Orc:1    | Reached skill level 7 in Invocations
  2746 | Orc:1    | Noticed an orc sorcerer
  2749 | Orc:1    | Paralysed by an orc sorcerer for 2 turns
  2753 | Orc:1    | Killed an orc sorcerer
  2771 | Orc:2    | Entered Level 2 of the Orcish Mines
  2847 | Orc:2    | Reached skill level 8 in Dodging
  2974 | Orc:2    | Reached skill level 8 in Fighting
  3049 | Orc:2    | Found a staircase to the Elven Halls.
  3164 | Orc:2    | Received a gift from Okawaru
  3172 | Orc:2    | Noticed a two-headed ogre
  3192 | Orc:2    | Killed a two-headed ogre
  3193 | Orc:2    | Reached skill level 9 in Fighting
  3195 | Orc:2    | Noticed a two-headed ogre
  3195 | Orc:2    | Noticed an ogre mage
  3195 | Orc:2    | Noticed a deep troll
  3207 | Orc:2    | Killed a two-headed ogre
  3209 | Orc:2    | Noticed a deep troll
  3219 | Orc:2    | Killed a deep troll
  3220 | Orc:2    | Reached skill level 9 in Dodging
  3220 | Orc:2    | Reached XP level 12. HP: 97/97 MP: 12/17
  3220 | Orc:2    | Noticed a stone giant
  3236 | Orc:2    | Killed a stone giant
  3237 | Orc:2    | Reached skill level 10 in Fighting
  3237 | Orc:2    | too fucking lucky
  3250 | Orc:2    | Received a gift from Okawaru
  3256 | Orc:2    | Noticed a two-headed ogre
  3258 | Orc:2    | Noticed a two-headed ogre
  3269 | Orc:2    | Killed a two-headed ogre
  3271 | Orc:2    | Killed a two-headed ogre
  3290 | Orc:2    | Killed an ogre mage
  3291 | Orc:2    | Reached skill level 8 in Invocations
  3295 | Orc:2    | Noticed a two-headed ogre
  3303 | Orc:2    | Killed a two-headed ogre
  3303 | Orc:2    | Noticed a two-headed ogre
  3304 | Orc:2    | Reached skill level 11 in Fighting
  3308 | Orc:2    | Killed a two-headed ogre
  3317 | Orc:2    | Found Qumuq's Antique Armour Shop.
  3319 | Orc:2    | Noticed a two-headed ogre
  3325 | Orc:2    | Killed a two-headed ogre
  3325 | Orc:2    | Reached ****** piety under Okawaru
  3325 | Orc:2    | Received a gift from Okawaru
  3326 | Orc:2    | Reached skill level 10 in Dodging
  3341 | Orc:2    | Killed a deep troll
  3342 | Orc:2    | this would be tough for a melee lol
  3344 | Orc:2    | Noticed an ogre mage
  3349 | Orc:2    | Noticed a two-headed ogre
  3350 | Orc:2    | Killed an ogre mage
  3350 | Orc:2    | Received a gift from Okawaru
  3355 | Orc:2    | Killed a two-headed ogre
  3355 | Orc:2    | Received a gift from Okawaru
  3356 | Orc:2    | Reached XP level 13. HP: 96/107 MP: 13/19
  3363 | Orc:2    | Found Conk's Distillery.
  3363 | Orc:2    | Found Iseatweo's Distillery.
  3382 | Orc:2    | Found Hick's Weapon Boutique.
  3401 | Orc:2    | Bought a potion of resistance for 130 gold pieces
  3401 | Orc:2    | Bought a potion of degeneration for 13 gold pieces
  3401 | Orc:2    | Bought a potion of mutation for 104 gold pieces
  3401 | Orc:2    | Bought a potion of brilliance for 52 gold pieces
  3407 | Orc:2    | Bought 2 potions of curing for 102 gold pieces
  3407 | Orc:2    | Bought a potion of curing for 51 gold pieces
  3407 | Orc:2    | Bought a potion of cancellation for 136 gold pieces
  3407 | Orc:2    | Bought a potion of curing for 51 gold pieces
  3407 | Orc:2    | absolutely nohing
  3533 | D:10     | Identified the ring "Guaxt" {Str+3 Int+6}
  3587 | D:10     | Reached skill level 9 in Invocations
  3674 | D:12     | Noticed a centaur warrior
  3687 | D:12     | Killed a centaur warrior
  3687 | D:12     | Identified the +1 buckler of the Locust {god gift, *Slow
                  | Fly rN+ MP+9} (Okawaru gifted it to you on level 12 of the
                  | Dungeon)
  3687 | D:12     | Received a gift from Okawaru
  3689 | D:12     | Noticed a seven-headed hydra
  3711 | D:12     | Killed a seven-headed hydra
  3712 | D:12     | Reached skill level 12 in Fighting
  3712 | D:12     | Reached skill level 1 in Translocations
  3743 | D:12     | Noticed a five-headed hydra
  3772 | D:12     | Killed a five-headed hydra
  3787 | D:12     | Reached skill level 2 in Translocations
  3806 | D:12     | Identified the +6 long sword of a ziggurat {freeze, rN++
                  | Int-4 Dex+6}
  3806 | D:12     | Noticed an ogre mage
  3837 | D:12     | Noticed a boulder beetle
  3847 | D:12     | Killed an ogre mage
  3939 | D:12     | Reached skill level 11 in Crossbows
  4005 | D:12     | Reached skill level 3 in Translocations
  4030 | D:12     | Identified the ring "Isifohea" {Wiz +Blink rC- Dex+4}
  4141 | D:12     | Killed a boulder beetle
  4406 | Lair:1   | Entered Level 1 of the Lair of Beasts
  4586 | Lair:2   | Reached skill level 1 in Armour
  4718 | Lair:2   | Found a frozen archway.
  4736 | IceCv    | Entered an ice cave
  4802 | IceCv    | Reached skill level 2 in Armour
  4832 | IceCv    | Reached skill level 4 in Translocations
  4904 | IceCv    | Received a gift from Okawaru
  4911 | IceCv    | Reached skill level 3 in Armour
  4916 | IceCv    | Reached XP level 14. HP: 100/116 MP: 19/21
  5083 | IceCv    | Received a gift from Okawaru
  5134 | IceCv    | Reached skill level 4 in Armour
  5135 | IceCv    | Reached skill level 12 in Crossbows
  5166 | IceCv    | Received a gift from Okawaru
  5175 | IceCv    | Received a gift from Okawaru
  5210 | IceCv    | Reached skill level 5 in Armour
  5217 | IceCv    | Reached skill level 5 in Translocations
  5255 | IceCv    | Identified the +5 scimitar "Xoudgh" {venom, +Blink}
  5465 | Lair:3   | Found a gate leading to a gauntlet.
  5481 | Gauntlet | Entered a Gauntlet
  5481 | Gauntlet | Found a transporter.
  5481 | Gauntlet | Found a transporter.
  5482 | Gauntlet | Found a transporter.
  5483 | Gauntlet | Found a transporter.
  5485 | Gauntlet | Found a transporter.
  5486 | Gauntlet | Found a transporter.
  5510 | Gauntlet | Found a transporter.
  5557 | Gauntlet | Found a transporter.
  5558 | Gauntlet | Found a transporter.
  5560 | Gauntlet | Found a transporter.
  5573 | Gauntlet | Found a transporter.
  5573 | Gauntlet | Found a transporter.
  5653 | Gauntlet | Received a gift from Okawaru
  5661 | Gauntlet | Identified the ring "Edairet" {Ice Str+7 Dex-5}
  5729 | Gauntlet | Reached skill level 13 in Crossbows
  5736 | Gauntlet | Reached skill level 6 in Translocations
  5796 | Gauntlet | Noticed a minotaur
  5805 | Gauntlet | Killed a minotaur
  5953 | Lair:4   | You fall into a shaft and drop 2 floors!
  5953 | Lair:6   | Entered Level 6 of the Lair of Beasts
  6044 | Lair:6   | Received a gift from Okawaru
  6117 | Lair:6   | Received a gift from Okawaru
  6117 | Lair:6   | Found the +9 heavy crossbow "Sniper" {god gift, vorpal,
                  | Acc+∞ SInv}
  6119 | Lair:6   | yes, this will do
  6243 | Lair:6   | Reached skill level 7 in Translocations
  6264 | Lair:6   | Reached skill level 14 in Crossbows
  6273 | Lair:6   | Reached XP level 15. HP: 106/122 MP: 22/22
  6360 | Lair:6   | Identified the +3 trident of the Fifty Xenops {freeze, rC+
                  | Str+3 Int+2}
  6408 | Lair:6   | Received a gift from Okawaru
  6533 | Lair:5   | Found a staircase to the Slime Pits.
  6584 | Lair:5   | Received a gift from Okawaru
  6639 | Lair:4   | Found a staircase to the Swamp.
  6822 | Lair:3   | Found a staircase to the Snake Pit.
  6859 | Swamp:1  | Entered Level 1 of the Swamp
  6865 | Swamp:1  | 15/13/0
  6865 | Swamp:1  | gg no re
  6948 | Swamp:1  | HP: 15/122 [tyrant leech (27)]
  6954 | Swamp:1  | of course once i use a consumable
  6954 | Swamp:1  | all shots magically hit
  7037 | Swamp:1  | Reached skill level 1 in Shields
  7047 | Swamp:1  | Reached skill level 2 in Shields
  7078 | Swamp:2  | Reached skill level 3 in Shields
  7114 | Swamp:2  | Reached skill level 4 in Shields
  7165 | Swamp:2  | Noticed a thorn hunter
  7203 | Swamp:1  | Reached skill level 13 in Fighting
  7203 | Swamp:1  | Reached skill level 8 in Translocations
  7238 | Swamp:2  | Identified the +7 rapier of Ancient Evil {vamp, *Corrode
                  | +Blink Str+2 Dex+8}
  7403 | Swamp:2  | Found a runed translucent gate.
  7415 | Swamp:2  | Found a runed translucent gate.
  7416 | Swamp:2  | Found a runed translucent gate.
  7418 | Swamp:2  | Noticed anonymous's ghost (journeyman TeAE)
  7436 | Swamp:2  | Reached skill level 15 in Crossbows
  7503 | Swamp:3  | Received a gift from Okawaru
  7527 | Swamp:3  | HP: 16/123 [spriggan rider/+0 spear (18)]
  7528 | Swamp:3  | Demolished by a bunyip

Illustrated notes #..######.. ##...#...... #.......# .######...#.## .............# ########.##..# #.##..# ##o##.## # ##..@#..#.#(.# ##....).)....# ##.....).###### #.........# +....)....+ #.........# ##.......## ##.....## ##...... Turn 1329 on D:5: he's wielding WHAT #............ #..######.. ##.s.#...... #.......# .######...#.## .............# ########.##..# #.##..# ##@##.## # ##...#..#.#(.# ##....).)....# ##.....).###### #.........# +....)....+ #.........# ##.......## ##.....## Turn 1338 on D:5: it has WHAT brand . . #. #.# # ### ..#.# ..# .#.# #.# ... ###.# #.### ##@#.# #.#.## ###....#########....# +................<.... ####...##########....# ##..# #...## ##.# ##.## #.# #.# #.# #.# #.# #.# Turn 1428 on D:5: hm ##.#).### ##...).#.### #....[[....## #.)......# #.).#...## ##).## ## ##(..# ### ##...## #.## #.#@.### ####..### #.#....# #.......# #####.....## ####...... #..#.......###......... # #...........##......... ##.###..........##.......... #.........#................. #........#.#.........##.... .#......#............###... Turn 3237 on Orc:2: too fucking lucky ...∩..[. ....... .....)# #).).)# ##...). ##..))# ##.#))### ##..)@.#.### #....))....## ##.#.)......# # #.).#...## ##).##.## ##)..### ### ##...## #.## #.#..### ####..### #.#....# #.......# Turn 3342 on Orc:2: this would be tough for a melee lol ##.##############.....## #...#....#....##.......# ##.....∩...............# ##......................# #......................# ##....................# ##....................## #.......∩..)...........# ##.........)..@........# #.........)##....#....## ...#.#).)))############ . ###...)..# ##..))#.## ##.#))#### ##..)[.#.### #....))....## ##.#.)......# ## Turn 3407 on Orc:2: absolutely nohing

...#.......##
...##..#....#... .# ..
..P##.####.###.## .##..
..PP#†#.####....###.P..P
...P....................
........................
.†......................
........................
#.............§§@.......
.......≈≈..†≈≈≈§≈...≈.≈.
..)....≈≈.≈§#≈≈##≈≈##≈≈≈
#.....≈#..≈##≈≈≈#≈≈# #
.......≈≈≈≈≈≈.≈≈≈≈≈≈≈
.......≈≈≈≈#≈≈≈≈#≈.≈.≈
.......#≈.≈#≈≈≈≈≈≈≈≈..≈
......≈##≈≈#≈≈≈≈≈≈≈≈≈≈P
P.....≈≈≈≈.# ≈.≈≈


Turn 6119 on Lair:6: yes, this will do ♣.♣♣ ≈ ♣...♣♣♣♣≈ ♣.....♣.♣ ....≈≈≈)♣ ♣
≈.≈≈≈≈≈.♣♣ ≈≈♣ .≈≈≈≈≈≈≈.♣♣.≈♣ .≈≈≈≈≈......≈♣ .≈≈≈≈≈.@..≈≈.♣ .≈≈≈≈≈≈...≈.♣♣
..≈≈≈≈≈≈..≈.♣ .≈≈≈≈≈≈≈≈≈.♣♣ ≈.≈≈≈≈≈..≈♣♣ ....≈≈≈...♣ ≈.≈....≈.♣♣ ♣≈♣...♣..♣ Turn
6865 on Swamp:1: 15/13/0 ♣♣♣ ♣.♣ ♣♣ ♣.♣♣♣ ≈♣ ♣...♣♣♣♣≈♣ ♣♣.....♣.♣ ♣....≈≈≈)♣ ♣
♣♣≈.≈≈≈≈≈.♣♣ ≈≈♣ ♣..≈≈≈≈≈≈≈.♣♣.≈♣ ♣♣@≈≈≈≈≈......≈♣ ♣♣..≈≈≈≈≈.<..≈≈.♣
♣...≈≈≈≈≈≈...≈.♣♣ . ♣♣....≈≈≈≈≈≈..≈.♣ ≈≈. ♣.♣≈.≈≈≈≈≈≈≈≈≈.♣♣
...!>♣♣)≈≈.≈≈≈≈≈..≈♣♣ ♣≈≈≈.≈≈......≈≈≈...♣ ≈≈≈≈.≈≈≈≈†.§....≈.♣♣
≈.≈.≈♣≈♣.♣≈♣...♣..♣ Turn 6954 on Swamp:1: of course once i use a consumable

Levels and vault maps discovered:
D:1:      dpeg_arrival_water_temple_mockup, layout_basic,
          shapermc_ecumenical_altar_notcrosses, minivault_26,
          minmay_indecisive_spiral
D:2:      layout_basic, uniq_sigmund
D:3:      layout_loops_ring, item_on_display_a
D:4:      layout_rooms, mainiacjoe_overflow_concentric_impassable,
          grunt_temple_overflow_octagram, minmay_temple_entry_mist,
          minmay_misc_feat_diagonals, chequers_serial_rivers_small_a,
          uniq_edmund, uniq_menkaure
D:5:      layout_loops_corners, minmay_between, uniq_crazy_yiuf_cottage
D:6:      layout_basic, mainiacjoe_overflow_boulevard, general_overflow_altar,
          trog_wizard, gammafunk_ghost_necromancy, minmay_starry_boxes,
          uniq_grinder, uniq_pikel, uniq_blork_the_orc
D:7:      layout_loops_ring, grunt_decor_cap, minmay_increasing_density
D:8:      layout_loops_cross, dpeg_oklobed_lair, serial_shops, shop,
          uniq_maurice
D:9:      layout_basic, chei_slow_surprise, orc_david_3
D:10:     nicolae_cairo_tiling_very_big, layout_gridville,
          minmay_shop_grid_forest, chequers_serial_rivers_room_b
D:11:     layout_irregular_city
D:12:     layout_long_grid, minmay_the_grid_square_5x5_3x3_mashed
          [minmay_the_grid_square_5x5_two,
          minmay_the_grid_square_5x5_fancy_junction,
          minmay_the_grid_square_5x5_two_small,
          minmay_the_grid_square_5x5_broken_cross,
          minmay_the_grid_square_5x5_megaprize_crossed,
          minmay_the_grid_square_5x5_inverted_slash,
          minmay_the_grid_square_5x5_six_small,
          minmay_the_grid_square_5x5_eight, minmay_the_grid_square_5x5_n]
Lair:1:   layout_gridlike, nicolae_lair_liquid_snakes, grunt_megastairs_2,
          uniq_gastronok
Lair:2:   layout_cellular_growth, portal_ice_cave_entry_ice_simulacra,
          grunt_forest_stairs_basic
Lair:3:   layout_loops_ring, minmay_snake_entry_guardpost_medium,
          gauntlet_entry_generic, hangedman_lair_unloving_vines,
          chequers_serial_rivers_small_3, minivault_19,
          chequers_serial_rivers_marsh, lemuel_fruit_tree, lemuel_fruit_fields
Lair:4:   layout_loops_ring, swamp_mist, chequers_serial_rivers_micro_c
Lair:5:   layout_cave_pods, minmay_slime_entry_pillars, serial_bayou_shore_b,
          uniq_rupert
Lair:6:   gammafunk_lair_ancient_temple, layout_regular_city, basic_altar,
          serial_bayou_shore_b
Swamp:1:  layout_falls_marsh, ebering_ghost_funeral_grove,
          nicolae_swamp_feature_on_the_river_bank, swamp_pool2,
          infiniplex_staircase_pool
Swamp:2:  layout_basic_swamp, gammafunk_ghost_hydra_chop,
          evilmike_swamp_ruin_house_2
Swamp:3:  layout_falls_marsh, ebering_ghost_rock_garden,
          evilmike_swamp_ruin_house_3, swamp_pool4
Orc:1:    layout_caves, okawaru_metal_pillars_1_2
Orc:2:    st_orc_open, layout_diamond_mine, basic_altar

Skill      XL: |  1  2  3  4  5  6  7  8  9 10 11 12 13 14 15 |
---------------+----------------------------------------------+-----
Fighting       | 3 4 5 6 9 11 12 13 | 13.1
Axes           | 4 5 |  5.8
Throwing       | 3 4 |  4.0
Dodging        | 4 5 6 7 9 10 | 10.9
Crossbows      | 3 6 9 10 11 14 15 | 15.0
Invocations    | 3 6 7 8 9 |  9.5
Translocations | 4 7 8 |  8.5
Armour         | 3 5 |  5.3
Shields        | 4 |  4.0

Action                   |  1- 3 |  4- 6 |  7- 9 | 10-12 | 13-15 || total
-------------------------+-------+-------+-------+-------+-------++-------
Melee: War axe           |    57 |    93 |    73 |       |       ||   223
       Punch             |       |       |     2 |       |       ||     2
 Fire: Hand crossbow     |       |       |   111 |   343 |  1003 ||  1457
       Heavy crossbow    |       |       |       |       |     1 ||     1
Throw: Throwing net      |     6 |       |     1 |       |       ||     7
       Dart              |       |     5 |     2 |       |       ||     7
       Javelin           |       |       |     2 |       |       ||     2
       Boomerang         |       |       |     2 |       |       ||     2
Invok: Heroism           |       |       |     2 |    11 |    34 ||    47
       Finesse           |       |       |       |     3 |     8 ||    11
Evoke: Wand              |       |     1 |     7 |       |       ||     8
  Use: Scroll            |     1 |     5 |     4 |       |     7 ||    17
       Potion            |       |       |     1 |       |     4 ||     5
 Stab: Sleeping          |     1 |       |       |       |       ||     1
       Held in net/web   |     1 |       |       |       |       ||     1
Armor: Leather armour    |    15 |       |       |       |       ||    15
       Ring mail         |     7 |    31 |    50 |    33 |   117 ||   238
       Plate armour      |       |       |       |       |     9 ||     9
Dodge: Dodged            |    48 |    73 |   101 |   150 |   686 ||  1058
Block: Buckler           |       |       |       |       |    60 ||    60

Table legend: (Time is in decaauts)
 A = Elapsed time spent in this place.
 B = Non-inter-level travel time spent in this place.
 C = Inter-level travel time spent in this place.
 D = Time resting spent in this place.
 E = Time spent auto-exploring this place.
 F = Levels seen in this place.
 G = Mean time per level.
                   A        B        C        D        E       F      G
               +--------+--------+--------+--------+--------+-----+--------+
         Total |   7850 |   7468 |    382 |     18 |      0 |  25 |  314.0 |
       Dungeon |   3669 |   3416 |    253 |     18 |      0 |  12 |  305.8 |
          Lair |   1671 |   1622 |     49 |      0 |      0 |   6 |  278.5 |
         Swamp |    794 |    794 |      0 |      0 |      0 |   3 |  264.7 |
  Orcish Mines |    826 |    747 |     79 |      0 |      0 |   2 |  413.0 |
      Ice Cave |    552 |    552 |      0 |      0 |      0 |   1 |  552.0 |
      Gauntlet |    336 |    336 |      0 |      0 |      0 |   1 |  336.0 |
               +--------+--------+--------+--------+--------+-----+--------+

Top non-repeatable levels by time:
     D:5: 623 daAuts
   Orc:2: 599 daAuts
  Lair:6: 566 daAuts
   IceCv: 552 daAuts
     D:9: 489 daAuts
     D:3: 486 daAuts
 Swamp:1: 471 daAuts
    D:12: 437 daAuts
     D:4: 391 daAuts
  Lair:2: 390 daAuts
     D:8: 378 daAuts
Gauntlet: 336 daAuts
  Lair:3: 326 daAuts
    D:10: 276 daAuts
     D:7: 234 daAuts
